 Dungeon Crawl Stone Soup version 0.18.1-8-gdd0e5ea (webtiles) character file.

471 Flavorfulsole the Ducker (level 6, -4/61 HPs)
             Began as a Troll Fighter on May 28, 2016.
             Shot with an arrow by a centaur (8 damage)
             ... on level 5 of the Dungeon.
             The game lasted 00:13:03 (2412 turns).

Flavorfulsole the Ducker (Troll Fighter)            Turns: 2412, Time: 00:13:04

Health: -4/61      AC:  7    Str: 32    XL:     6   Next: 83%
Magic:  5/5        EV:  9    Int:  4    God:
Gold:   224        SH: 10    Dex:  9    Spells: 0 memorised, 5 levels left

rFire  . . .     SeeInvis .       - Unarmed
rCold  . . .     Gourm    +     j - +0 troll leather armour
rNeg   . . .     Faith    .     b - +0 shield
rPois  .         Spirit   .     (helmet restricted)
rElec  .         Dismiss  .     (no cloak)
rCorr  .         Reflect  .     (gloves unavailable)
SustAt .         Harm     .     (boots unavailable)
MR     .....                    (no amulet)
Stlth  ++........               k - ring of stealth
                                h - ring of wizardry

@: mighty, not resistant to hostile enchantments, unstealthy
A: unfitting armour, claws 3, fast metabolism 3, gourmand, regeneration 2,
shaggy fur 1, tough skin 2
a: no special abilities


You were on level 5 of the Dungeon.
You were completely stuffed.

You visited 1 branch of the dungeon, and saw 5 of its levels.

You collected 224 gold pieces.

Inventory:

Missiles
 a - 3 tomahawks (quivered)
Armour
 b - a +0 shield (worn)
 j - a +0 troll leather armour (worn)
Jewellery
 h - a ring of wizardry (left claw)
 k - a ring of stealth (right claw)
Scrolls
 g - 3 scrolls of identify
 i - a scroll of teleportation
Comestibles
 d - 2 bread rations
 f - a royal jelly
 l - 3 chunks of flesh
 m - a meat ration


   Skills:
 + Level 3.1 Fighting
 + Level 2.0 Armour
 + Level 4.1 Dodging
 + Level 0.2 Stealth
 + Level 3.8 Shields
 + Level 3.2 Unarmed Combat


You had 5 spell levels left.
You didn't know any spells.

Dungeon Overview and Level Annotations

Branches:
Dungeon (5/15)
 Temple: D:4-7

Altars:

Annotations:
D:5 Prince Ribbit


Innate Abilities, Weirdness & Mutations

You are too large for most types of armour.
You have claws for hands.
Your metabolism is lightning-fast.
You like to eat raw meat.
You heal very quickly.
You are covered in fur (AC +1).
You have very tough skin (AC +2).


Message History

Drink which item? (? for menu, Esc to quit)
You feel very mighty all of a sudden.
Prince Ribbit blinks!
A centaur comes into view.
The centaur shouts!
The centaur wields a shortbow.
The centaur shoots an arrow.
The arrow hits you!
* * * LOW HITPOINT WARNING * * *
Prince Ribbit blinks!
The centaur shoots an arrow.
You block the arrow.
You see here 2 arrows.
The centaur shoots an arrow.
The arrow hits you!
* * * LOW HITPOINT WARNING * * *
You see here an arrow.
You see here 2 arrows.
Prince Ribbit hits you.
* * * LOW HITPOINT WARNING * * *
Prince Ribbit closely misses you.
You miss Prince Ribbit.
Prince Ribbit is severely wounded.
The centaur shoots an arrow.
The arrow hits you!
You die...

#.....####<...#
#............##
#####........#.#.#
#.....#...##..#....
#.##......####.#.###
#.#.#####.# .#.#
##.##.###.## . #
..###..$##.#.# #.
.........F@(# .#
.#.##..[###(# ##$##
#....# ... #.##.#
#.## #c# # #. ... #
..# ..# #..#


You could see Prince Ribbit and a centaur.

Vanquished Creatures
  The ghost of zeroDi the Sneak, an amateur VSAs (D:4)
  A scorpion (D:4)
  A howler monkey (D:4)
  An iguana (D:4)
  4 worker ants (D:4)
  3 adders
  An adder skeleton (D:4)
  A worm (D:2)
  3 dart slugs (D:1)
  8 giant geckos
  11 orcs
  6 bats
  2 giant cockroaches
  3 hobgoblins
  5 jackals
  4 kobolds
  A quokka (D:4)
  A ball python (D:4)
  6 giant newts
  5 rats
68 creatures vanquished.

Vanquished Creatures (others)
  A plant (D:4)
1 creature vanquished.

Grand Total: 69 creatures vanquished

Notes
Turn   | Place    | Note
--------------------------------------------------------------
     0 | D:1      | Flavorfulsole the Troll Fighter began the quest for the Orb.
     0 | D:1      | Reached XP level 1. HP: 22/22 MP: 0/0
   109 | D:1      | Reached XP level 2. HP: 29/29 MP: 1/1
   855 | D:2      | Reached XP level 3. HP: 35/36 MP: 2/2
  1635 | D:4      | Noticed zeroDi's ghost (amateur VSAs)
  1655 | D:4      | Killed zeroDi's ghost
  1655 | D:4      | Reached skill level 1 in Armour
  1655 | D:4      | Reached skill level 3 in Dodging
  1655 | D:4      | Reached XP level 4. HP: 30/44 MP: 3/3
  1655 | D:4      | Reached XP level 5. HP: 35/52 MP: 4/4
  1926 | D:4      | Reached XP level 6. HP: 38/61 MP: 5/5
  2192 | D:4      | Reached skill level 4 in Dodging
  2364 | D:5      | Entered Level 5 of the Dungeon
  2385 | D:5      | Noticed Prince Ribbit
  2409 | D:5      | HP: 3/61 [centaur/arrow (11)]
  2412 | D:5      | Shot with an arrow by a centaur

Skill      XL: |  1  2  3  4  5  6 |
---------------+-------------------+-----
Shields        | 3 |  3.8
Armour         | 1 2 |  2.0
Dodging        | 3 4 |  4.1
Fighting       | 3 |  3.1
Unarmed Combat | 3 |  3.2
Stealth        | |  0.2

Action                   |  1- 3 |  4- 6 || total
-------------------------+-------+-------++-------
Melee: Unarmed           |   115 |   133 ||   248
  Use: Potion            |     2 |     2 ||     4
       Scroll            |     6 |       ||     6
 Stab: Sleeping          |       |     1 ||     1
  Eat: Meat ration       |     1 |       ||     1
       Chunk             |     4 |    15 ||    19
       Beef jerky        |     1 |     1 ||     2
       Fruit             |     1 |       ||     1
Armor: Robe              |    50 |       ||    50
       Troll leather arm |     5 |    46 ||    51
Dodge: Dodged            |    47 |    44 ||    91
Block: Shield            |    78 |    49 ||   127
